 Dungeon Crawl Stone Soup version 0.31-a0-365-gcf821cafb2 (webtiles) character file.

Game seed: 14827769697525089268

7042 Shayle the Grappler (level 11, -2/86 HPs)
             Began as a Gnoll Shapeshifter on July 27, 2023.
             Was a Believer of Ashenzari.
             Killed from afar by a rime drake (29 damage)
             ... with an icy flash freeze
             ... on level 1 of the Lair of Beasts.
             The game lasted 00:21:42 (9603 turns).

Shayle the Grappler (Gnoll Shapeshifter)            Turns: 9603, Time: 00:21:42

Health: -2/86      AC: 15    Str: 14    XL:     11   Next: 9%
Magic:  21/21      EV: 13    Int: 12    God:    Ashenzari [**....]
Gold:   765        SH:  5    Dex: 13    Spells: 24/24 levels left

rFire   . . .        I - +7 Throatcutter {drain, coup de grace}
rCold   . . .        z - +0 buckler
rNeg    + . .        y - +4 ring mail of the Komodo Dragon {Rampage}
rPois   .            (no helmet)
rElec   .            T - +0 cloak
rCorr   .            A - +1 pair of gloves
SInv    +            k - +0 pair of boots
Will    .....        i - amulet of the Ruined Oracle {Acrobat, Melee, Self} (curse)
Stlth   ++           p - ring of Ashenzari's Mistrust {Wiz, Elem, Comp} (curse)
HPRegen 0.34/turn    K - ring of Ashenzari's Secrets {rN+, Dev, Melee} (curse)
MPRegen 0.17/turn

%: acrobat, rampage, wizardry (x1)
@: lethally poisoned (-2 -> -22), studying Necromancy
A: fangs 1, strong nose, distributed training
a: Renounce Religion, Curse Item, Shatter the Chains


You were on level 1 of the Lair of Beasts.
You worshipped Ashenzari.
Ashenzari was pleased with you.
You visited 3 branches of the dungeon, and saw 12 of its levels.

You collected 765 gold pieces.

Inventory:

Hand Weapons
 b - the +8 flail of Kuliblai {freeze, rN+}
   (You found it on level 6 of the Dungeon)

   rN:        It protects you from negative energy.
 I - the +7 Throatcutter (weapon) {drain, coup de grace}
   (You found it on level 5 of the Dungeon)
Missiles
 Q - 3 throwing nets
Armour
 k - a +0 pair of boots (worn)
 y - the +4 ring mail of the Komodo Dragon (worn) {Rampage}
   (You took it off a kobold on level 3 of the Dungeon)

   Rampage:   It bestows one free step when moving towards enemies.
 z - a +0 buckler (worn)
 A - a +1 pair of gloves (worn)
 L - a +2 robe of cold resistance
 T - a +0 cloak (worn)
Jewellery
 i - the cursed amulet of the Ruined Oracle (around neck) {Acrobat, Melee, Self}
   (You found it on level 1 of the Dungeon)

   [amulet of the acrobat]

   It increases your evasion while moving and waiting.
   It has a curse which improves the following skills: Melee Combat: Short
   Blades, Long Blades, Axes, Maces & Flails, Polearms, Staves and Unarmed
   Combat.
   Introspection: Fighting and Spellcasting.
 p - the cursed ring of Ashenzari's Mistrust (left hand) {Wiz, Elem, Comp}
   (You found it on level 2 of the Dungeon)

   [ring of wizardry]

   It improves your spell success rate.
   It has a curse which improves the following skills: Elements: Fire Magic, Ice
   Magic, Air Magic and Earth Magic.
   Companions: Summonings and Necromancy.
 K - the cursed ring of Ashenzari's Secrets (right hand) {rN+, Dev, Melee}
   (You took it off an orc on level 6 of the Dungeon)

   [ring of positive energy]

   rN:        It protects you from negative energy.
   It has a curse which improves the following skills: Devices: Evocations and
   Shapeshifting.
   Melee Combat: Short Blades, Long Blades, Axes, Maces & Flails, Polearms,
   Staves and Unarmed Combat.
Talismans
 c - a beast talisman
Wands
 s - a wand of flame (34)
 w - a wand of polymorph (5)
 x - a wand of mindburst (11)
 J - a wand of paralysis (8)
 O - a wand of iceblast (12)
Scrolls
 d - 5 scrolls of identify
 f - 2 scrolls of poison
 h - 3 scrolls of teleportation
 o - a scroll of torment
 q - a scroll of fear
 r - 3 scrolls of vulnerability
 t - a scroll of enchant weapon
 B - 4 scrolls of revelation
 M - a scroll of immolation
 R - a scroll of blinking
Potions
 a - a potion of haste
 j - 5 potions of curing
 m - a potion of cancellation
 n - 4 potions of ambrosia
 u - 3 potions of might
 v - a potion of magic
 C - a potion of enlightenment
 D - a potion of brilliance
 H - 3 potions of attraction
 S - a potion of invisibility
 V - a potion of resistance


   Skills:
 + Level 6.6(7.8) Fighting
 + Level 6.0(7.8) Short Blades
 + Level 6.0(7.8) Long Blades
 + Level 6.0(7.8) Axes
 + Level 6.0(7.8) Maces & Flails
 + Level 6.0(7.8) Polearms
 + Level 6.0(7.8) Staves
 + Level 6.0 Ranged Weapons
 + Level 6.0 Throwing
 + Level 6.0 Armour
 + Level 7.7 Dodging
 + Level 6.0 Stealth
 + Level 6.0 Shields
 + Level 9.0(10.8) Unarmed Combat
 + Level 6.0(7.2) Spellcasting
 + Level 5.0 Conjurations
 + Level 5.0 Hexes
 + Level 5.0(6.1) Summonings
 + Level 6.1(7.3) Necromancy
 + Level 5.0 Translocations
 + Level 5.0 Transmutations
 + Level 5.0(6.1) Fire Magic
 + Level 5.0(6.1) Ice Magic
 + Level 5.0(6.1) Air Magic
 + Level 5.0(6.1) Earth Magic
 + Level 5.0 Poison Magic
 + Level 6.6 Invocations
 + Level 6.0(7.2) Evocations
 + Level 8.3(9.5) Shapeshifting


You had 24 spell levels left.
You didn't know any spells.
Your spell library contained the following spells:

 Spells                   Type           Power      Damage    Failure   Level
 Apportation              Tloc           32%        N/A       1%          1
 Necrotise                Necr           84%        1d8       1%          1
 Summon Small Mammal      Summ           76%        N/A       1%          1
 Call Canine Familiar     Summ           19%        N/A       4%          3
 Summon Guardian Golem    Hex/Summ       17%        N/A       4%          3
 Gell's Gravitas          Tloc           16%        N/A       6%          3
 Portal Projectile        Hex/Tloc       32%        N/A       6%          3
 Teleport Other           Tloc           16%        N/A       6%          3
 Tukima's Dance           Hex            16%        N/A       6%          3
 Iskenderun's Mystic Bla  Conj/Tloc      16%        2d5       19%         4
 Dispersal                Tloc           8%         N/A       95%         6


Dungeon Overview and Level Annotations

Branches:
Dungeon (10/15)            Temple (1/1) D:4            Lair (1/5) D:9
    Orc (0/2) D:9

Altars:
Ashenzari
Cheibriados
Dithmenos
Elyvilon
Fedhas
Gozag
Hepliaklqana
Kikubaaqudgha
Makhleb
Nemelex Xobeh
Okawaru
Qazlal
Ru
Sif Muna
Trog
Uskayaw
Vehumet
Wu Jian
Xom
Yredelemnul
Zin
The Shining One

Shops:
D:7 (([

Annotations:
D:5 2 transporters, lunkers's ghost, novice MeSh


Innate Abilities, Weirdness & Mutations

You have very sharp teeth.
Your uncanny sense of smell can sniff out nearby items.
Your experience applies equally to all skills.


Message History

The water moccasin completely misses you.
You block the rime drake's attack. The black mamba bites you.
The water moccasin misses you.
You feel better. The black mamba bites you!
The rime drake bites you but does no damage.
The water moccasin bites you but does no damage.
The black mamba bites you but does no damage.
You closely miss the black mamba.
The black mamba is heavily wounded.
You block the rime drake's attack. The black mamba bites you.
* * * LOW HITPOINT WARNING * * *
You are poisoned.
The black mamba poisons you! The water moccasin barely misses you.
The rime drake bites you but does no damage.
The black mamba closely misses you.
You feel much better. The ice encasing you melts away.
You feel very sick. The water moccasin bites you.
The black mamba bites you but does no damage.
The water moccasin bites you but does no damage.
The rime drake bites you.
Aiming: Paralyse
Press: ? - help, Shift-Dir - straight line, f - black mamba
Aim: a black mamba (heavily wounded, lightly drained, chance to affect: 68%)
The black mamba struggles to resist.
You feel very sick. You block the black mamba's attack.
The water moccasin bites you.
You are more poisoned.
The water moccasin poisons you! The black mamba misses you.
The rime drake bites you but does no damage.
Aiming: Paralyse
Press: ? - help, Shift-Dir - straight line, f/p - black mamba
Aim: a black mamba (heavily wounded, lightly drained, chance to affect: 68%)
The black mamba suddenly stops moving!
You feel very sick.
The water moccasin bites you but does no damage.
The rime drake breathes ice at you. The icy flash freeze hits you!!
You die...

*
#.......#...........
,
#.+.....#..#...+....
, ,
.##.#.....#..#...#
,..
,.....########...# ,
......###....#..# ,
* **##...)....⌠....#
* , .
,#............#,,
....#.kS..##?..#.# ,
, * ,
......S@..#........
,
.⌠....###...........
, .....
###.#........, ,
⌠...⌠ ** ###..P.P###
, ..$ * *..#... * ,,
.⌠ , ..#... . , ,, *
, , * * +, , * ,


You could see a black mamba (paralysed, drained), a rime drake (catching breath)
and a water moccasin.

Vanquished Creatures
  A two-headed ogre (D:9)
  Maurice (D:10)
  A cane toad (Lair:1)
  Grinder (D:3)
  Sigmund (D:6)
  4 yaks (D:8)
  4 vampire mosquitoes (D:8)
  2 steam dragons
  3 acid dragons
  2 water moccasins
  A sky beast (D:7)
  2 ice beasts
  2 orc warriors
  5 black bears
  6 centaurs
  2 phantoms (D:5)
  A kobold brigand (D:8)
  2 bullfrogs
  2 gnoll sergeants
  4 scorpions
  4 wights (D:9)
  3 electric eels (D:10)
  5 howler monkeys
  5 hounds
  A jelly (D:6)
  8 orc priests
  2 iguanas (D:5)
  7 orc wizards
  12 gnolls
  6 adders
  A shadow imp (D:7)
  A white imp (D:5)
  An ufetubus (D:6)
  4 worms
  3 dart slugs
  42 orcs
  5 ball pythons
  7 endoplasms
  6 giant cockroaches
  6 hobgoblins
  6 jackals
  14 kobolds
  9 quokkas
  5 bats
  3 frilled lizards
  15 goblins
  5 rats
233 creatures vanquished.

Notes
Turn   | Place    | Note
-------+----------+-------------------------------------------
     0 | D:1      | Shayle the Gnoll Shapeshifter began the quest for the Orb.
     0 | D:1      | Reached XP level 1. HP: 17/17 MP: 1/1
    60 | D:1      | Reached XP level 2. HP: 23/23 MP: 2/2
   298 | D:1      | Reached XP level 3. HP: 25/28 MP: 3/3
   640 | D:1      | Reached skill level 1 in Invocations
   786 | D:2      | Reached skill level 1 in Short Blades
   786 | D:2      | Reached skill level 1 in Long Blades
   786 | D:2      | Reached skill level 1 in Axes
   786 | D:2      | Reached skill level 1 in Maces & Flails
   786 | D:2      | Reached skill level 1 in Polearms
   786 | D:2      | Reached skill level 1 in Staves
   786 | D:2      | Reached skill level 1 in Ranged Weapons
   786 | D:2      | Reached skill level 1 in Throwing
   786 | D:2      | Reached skill level 1 in Armour
   786 | D:2      | Reached skill level 1 in Stealth
   786 | D:2      | Reached skill level 1 in Shields
   786 | D:2      | Reached skill level 1 in Spellcasting
   786 | D:2      | Reached skill level 1 in Evocations
  1027 | D:2      | Reached XP level 4. HP: 33/34 MP: 5/5
  1757 | D:3      | Reached skill level 1 in Conjurations
  1757 | D:3      | Reached skill level 1 in Hexes
  1757 | D:3      | Reached skill level 1 in Summonings
  1757 | D:3      | Reached skill level 1 in Necromancy
  1757 | D:3      | Reached skill level 1 in Translocations
  1757 | D:3      | Reached skill level 1 in Transmutations
  1757 | D:3      | Reached skill level 1 in Fire Magic
  1757 | D:3      | Reached skill level 1 in Ice Magic
  1757 | D:3      | Reached skill level 1 in Air Magic
  1757 | D:3      | Reached skill level 1 in Earth Magic
  1757 | D:3      | Reached skill level 1 in Poison Magic
  1807 | D:3      | Noticed Grinder
  1818 | D:3      | Killed Grinder
  1819 | D:3      | Reached skill level 5 in Dodging
  1819 | D:3      | Reached XP level 5. HP: 20/41 MP: 5/8
  1819 | D:3      | Reached XP level 6. HP: 22/47 MP: 5/9
  2158 | D:3      | Identified the +4 ring mail of the Komodo Dragon {Rampage}
  2538 | D:3      | You fall into a shaft and drop 3 floors!
  2542 | D:5      | Entered Level 5 of the Dungeon
  2687 | D:4      | Noticed a black bear
  2700 | D:4      | Killed a black bear
  2701 | D:4      | Reached skill level 7 in Unarmed Combat
  2701 | D:4      | Reached XP level 7. HP: 43/52 MP: 10/10
  3079 | D:4      | Found a staircase to the Ecumenical Temple.
  3089 | Temple   | Entered the Ecumenical Temple
  3108 | Temple   | Became a worshipper of Ashenzari the Shackled
  3192 | D:4      | Found an opulent altar of Gozag.
  3230 | D:4      | Identified the +2 robe of Ellet {Will+ rCorr}
  3740 | D:5      | Reached XP level 8. HP: 60/60 MP: 12/12
  3758 | D:5      | Found a transporter.
  3779 | D:5      | Noticed lunkers's ghost (novice MeSh)
  3803 | D:5      | Found a transporter.
  3894 | D:5      | Found the +7 Throatcutter {drain, coup de grace}
  4553 | D:6      | Noticed Sigmund
  4561 | D:6      | Killed Sigmund
  4562 | D:6      | Reached XP level 9. HP: 68/68 MP: 15/15
  4827 | D:6      | Identified the +8 flail of Kuliblai {freeze, rN+}
  5142 | D:7      | Found Ykhiril's Antique Weapon Emporium.
  5164 | D:7      | Found Boro's Armour Shop.
  5175 | D:7      | Identified the +2 ring mail of Ybatros {rPois rN++ Stlth-}
  5231 | D:7      | Found Dohira's Weapon Emporium.
  5356 | D:7      | Reached skill level 5 in Fighting
  5618 | D:7      | Reached skill level 8 in Unarmed Combat
  5858 | D:7      | Reached * piety under Ashenzari
  6197 | D:8      | Reached skill level 5 in Invocations
  6300 | D:8      | Reached XP level 10. HP: 65/77 MP: 18/18
  6405 | D:8      | Found a radiant altar of Vehumet.
  6521 | D:8      | Reached skill level 5 in Short Blades
  6521 | D:8      | Reached skill level 5 in Long Blades
  6521 | D:8      | Reached skill level 5 in Axes
  6521 | D:8      | Reached skill level 5 in Maces & Flails
  6521 | D:8      | Reached skill level 5 in Polearms
  6521 | D:8      | Reached skill level 5 in Staves
  6521 | D:8      | Reached skill level 5 in Ranged Weapons
  6521 | D:8      | Reached skill level 5 in Throwing
  6521 | D:8      | Reached skill level 5 in Armour
  6521 | D:8      | Reached skill level 5 in Stealth
  6521 | D:8      | Reached skill level 5 in Shields
  6521 | D:8      | Reached skill level 5 in Spellcasting
  6521 | D:8      | Reached skill level 5 in Evocations
  6662 | D:8      | Reached skill level 5 in Necromancy
  7207 | D:9      | Found a blossoming altar of Fedhas.
  7207 | D:9      | Noticed a two-headed ogre
  7208 | D:9      | Found a staircase to the Orcish Mines.
  7217 | D:9      | Killed a two-headed ogre
  7454 | D:9      | Found a staircase to the Lair.
  7630 | D:9      | Found a white marble altar of Elyvilon.
  7633 | D:9      | Found a basalt altar of Yredelemnul.
  7636 | D:9      | Found a snail-covered altar of Cheibriados.
  7639 | D:9      | Found a shimmering altar of Xom.
  7746 | D:9      | Found a sacrificial altar of Ru.
  8338 | D:10     | Entered Level 10 of the Dungeon
  8356 | D:10     | Identified the +0 mace of Articulation {flame, rElec MP-9
                  | Str+5 SInv}
  8492 | D:10     | Reached ** piety under Ashenzari
  8646 | D:10     | Noticed Maurice
  8664 | D:10     | Killed Maurice
  8985 | D:10     | Reached XP level 11. HP: 85/85 MP: 21/21
  9052 | D:10     | Found a stormy altar of Qazlal.
  9512 | Lair:1   | Entered Level 1 of the Lair of Beasts
  9518 | Lair:1   | Reached skill level 9 in Unarmed Combat
  9585 | Lair:1   | Reached skill level 5 in Conjurations
  9585 | Lair:1   | Reached skill level 5 in Hexes
  9585 | Lair:1   | Reached skill level 5 in Summonings
  9585 | Lair:1   | Reached skill level 5 in Translocations
  9585 | Lair:1   | Reached skill level 5 in Transmutations
  9585 | Lair:1   | Reached skill level 5 in Fire Magic
  9585 | Lair:1   | Reached skill level 5 in Ice Magic
  9585 | Lair:1   | Reached skill level 5 in Air Magic
  9585 | Lair:1   | Reached skill level 5 in Earth Magic
  9585 | Lair:1   | Reached skill level 5 in Poison Magic
  9603 | Lair:1   | Killed from afar by a rime drake

Illustrated notes

Levels and vault maps discovered:
D:1:      lemuel_arrival_river_bridge, layout_loops_ring
D:2:      layout_loops_ring
D:3:      layout_loops_corners, hangedman_feature_mirror, serial_park_tiny_1,
          serial_bayou_lagoon_b, uniq_grinder
D:4:      layout_rooms, kennysheep_mini, temple_fountains,
          dreamdust_mushroom_princess
D:5:      layout_cave_pods, gammafunk_ghost_mausoleum, serial_park,
          serial_park_square3 [serial_park_minivault_5x5_1],
          serial_park_avenue1, serial_park_tiny_1, serial_park_tiny_2
D:6:      layout_basic, uniq_sigmund
D:7:      layout_loops_corners, serial_shops, nicolae_inconvenience_store, shop,
          shop, minmay_manual_mares
D:8:      layout_loops_ring, nicolae_overflow_hidden_temple
D:9:      layout_irregular_city, mainiacjoe_overflow_six_doors_small,
          grunt_temple_overflow_cloverleaf, mainiacjoe_overflow_small_starburst,
          lair_entry_dummy, david_orc_5
D:10:     layout_basic, mainiacjoe_overflow_chevrons, uniq_maurice
Temple:   hellmonk_temple_forest_ring
Lair:1:   layout_chaotic_city, wad_woods_03, lemuel_fruit_tree,
          grunt_megastairs_4, uniq_joseph

Skill      XL: |  1  2  3  4  5  6  7  8  9 10 11 |
---------------+----------------------------------+-----
Invocations    | 1 2 3 4 5 6 |  6.6
Short Blades   | 1 2 3 4 5 6 |  6.0
Long Blades    | 1 2 3 4 5 6 |  6.0
Axes           | 1 2 3 4 5 6 |  6.0
Maces & Flails | 1 2 3 4 5 6 |  6.0
Polearms       | 1 2 3 4 5 6 |  6.0
Staves         | 1 2 3 4 5 6 |  6.0
Ranged Weapons | 1 2 3 4 5 6 |  6.0
Throwing       | 1 2 3 4 5 6 |  6.0
Armour         | 1 2 3 4 5 6 |  6.0
Stealth        | 1 2 3 4 5 6 |  6.0
Shields        | 1 2 3 4 5 6 |  6.0
Spellcasting   | 1 2 3 4 5 6 |  6.0
Evocations     | 1 2 3 4 5 6 |  6.0
Conjurations   | 1 2 3 4 5 |  5.0
Hexes          | 1 2 3 4 5 |  5.0
Summonings     | 1 2 3 4 5 |  5.0
Necromancy     | 1 2 3 4 6 |  6.1
Translocations | 1 2 3 4 5 |  5.0
Transmutations | 1 2 3 4 5 |  5.0
Fire Magic     | 1 2 3 4 5 |  5.0
Ice Magic      | 1 2 3 4 5 |  5.0
Air Magic      | 1 2 3 4 5 |  5.0
Earth Magic    | 1 2 3 4 5 |  5.0
Poison Magic   | 1 2 3 4 5 |  5.0
Fighting       | 3 4 5 6 |  6.6
Dodging        | 5 6 7 |  7.7
Unarmed Combat | 7 8 9 |  9.0
Shapeshifting  | 7 8 |  8.3

Action                     |  1- 3 |  4- 6 |  7- 9 | 10-12 || total
---------------------------+-------+-------+-------+-------++-------
  Melee: Unarmed           |    70 |    86 |   115 |     7 ||   278
         Bite              |     5 |     7 |    19 |    14 ||    45
         Punch             |       |     3 |       |       ||     3
         Long sword        |       |       |   118 |   165 ||   283
 Invoke: Curse Item        |       |       |     2 |     1 ||     3
Ability: Begin Untransform |       |       |       |     1 ||     1
  Evoke: Wand              |       |     3 |       |     7 ||    10
    Use: Potion            |       |     1 |     2 |     7 ||    10
         Scroll            |       |       |     7 |       ||     7
   Stab: Sleeping          |     5 |     6 |     2 |     4 ||    17
         Distracted        |     1 |       |     1 |     1 ||     3
 Armour: Animal skin       |     5 |     5 |       |       ||    10
         Ring mail         |       |    17 |    74 |    87 ||   178
         Skin              |       |       |    55 |       ||    55
  Dodge: Dodged            |    35 |    30 |   132 |   127 ||   324
  Block: Buckler           |       |     7 |    47 |    63 ||   117

Table legend: (Time is in decaauts)
 A = Elapsed time spent in this place.
 B = Non-inter-level travel time spent in this place.
 C = Inter-level travel time spent in this place.
 D = Time resting spent in this place.
 E = Time spent auto-exploring this place.
 F = Levels seen in this place.
 G = Mean time per level.
                   A        B        C        D        E       F      G
               +--------+--------+--------+--------+--------+-----+--------+
         Total |   9653 |   9241 |    412 |   1096 |   6278 |  12 |  804.4 |
       Dungeon |   9523 |   9148 |    375 |   1096 |   6243 |  10 |  952.3 |
        Temple |     37 |      1 |     36 |      0 |      0 |   1 |   37.0 |
          Lair |     92 |     92 |      0 |      0 |     35 |   1 |   92.0 |
               +--------+--------+--------+--------+--------+-----+--------+

Top non-repeatable levels by time:
     D:5: 1229 daAuts
    D:10: 1159 daAuts
     D:8: 1157 daAuts
     D:3: 1131 daAuts
     D:7: 1055 daAuts
     D:9: 1027 daAuts
     D:1: 788 daAuts
     D:2: 771 daAuts
     D:6: 734 daAuts
     D:4: 468 daAuts
  Lair:1: 92 daAuts
  Temple: 37 daAuts
